 Dungeon Crawl Stone Soup version 0.28.0-53-g5a82cb258f (webtiles) character file.

Game seed: 2689385608003703225

40 pkoi the Caller (level 3, -6/26 HPs)
             Began as a Demigod Summoner on May 24, 2022.
             Mangled by a gnoll
             ... wielding a +0 flail
              (8 damage)
             ... on level 2 of the Dungeon.
             The game lasted 00:03:24 (1914 turns).

pkoi the Caller (Demigod Summoner)                  Turns: 1914, Time: 00:03:25

Health: -6/26      AC:  5    Str:  9    XL:     3   Next: 14%
Magic:  3/8        EV: 12    Int: 21    God:
Gold:   86         SH:  5    Dex: 14    Spells: 2/5 levels left

rFire   . . .      SeeInvis .   g - +0 hunting sling
rCold   . . .      Faith    .   (no shield)
rNeg    . . .      Spirit   .   a - +0 robe
rPois   .          Reflect  +   (no helmet)
rElec   .          Harm     .   j - +2 cloak {Will+}
rCorr   .          Rampage  .   (no gloves)
Will    +....                   (no boots)
Stlth   ++........              b - amulet of reflection
HPRegen 0.08/turn               (no ring)
MPRegen 0.11/turn               (no ring)

@: no status effects
A: high MP 1, forlorn, divine attributes
a: no special abilities


You were on level 2 of the Dungeon.
You visited 1 branch of the dungeon, and saw 2 of its levels.

You collected 86 gold pieces.

Inventory:

Hand Weapons
 g - a +0 hunting sling (weapon)
Missiles
 h - 28 stones (quivered ammo)
Armour
 a - a +0 robe (worn)
 j - a +2 cloak of willpower (worn)
Jewellery
 b - an amulet of reflection (around neck)
Scrolls
 d - a scroll of summoning {unknown}
 e - 3 scrolls of identify {unknown}
 f - a scroll of amnesia {unknown}
Potions
 c - a potion of haste {unknown}
 i - a potion of mutation {unknown}
 k - a potion of curing {unknown}


   Skills:
 - Level 1.7 Dodging
 - Level 1.7 Stealth
 + Level 1.2 Unarmed Combat
 + Level 1.9 Spellcasting
 * Level 4.3 Summonings


You had 2 spell levels left.
You knew the following spells:

 Your Spells              Type           Power      Damage    Failure   Level
a - Summon Small Mammal   Summ           80%        N/A       2%          1
b - Call Imp              Summ           20%        N/A       3%          2

Your spell library contained the following spells:

 Spells                   Type           Power      Damage    Failure   Level
 Call Canine Familiar     Summ           20%        N/A       8%          3
 Summon Guardian Golem    Hex/Summ       11%        N/A       19%         3
 Summon Lightning Spire   Summ/Air       11%        N/A       52%         4


Dungeon Overview and Level Annotations

Branches:
Dungeon (2/15)


Innate Abilities, Weirdness & Mutations

You have an increased reservoir of magic. (+10% MP)
You shall have no god before yourself.
Your divine heritage dramatically boosts your attributes as you level up.


Message History

The gnoll hits your white imp with a +0 flail!
Your white imp dies!
Your white imp disappears in a puff of smoke!
Your rat bites the gnoll.
Unknown command.
Fire: 30 stones
Press: ? - help, Q - select action, (/) - cycle Shift-Dir - straight line, f/p - gnoll
Aim: a gnoll, wielding a +0 flail (severely wounded, ally target, 61% to hit)
You shoot a stone.
The stone hits the gnoll but does no damage.
The gnoll is severely wounded.
The gnoll closely misses you.
Your rat bites the gnoll.
A gnoll comes into view. It is wielding a +0 whip.
Casting: Call Imp (safe; 3% risk of failure)
Confirm with . or Enter, or press ? or * to list all spells.
A beastly little devil appears in a puff of flame.
A gnoll comes into view. It is wielding a +0 club.
The gnoll hits you with a +0 flail.
Your rat closely misses the gnoll.
Unknown command.
Fire: 29 stones
Press: ? - help, Q - select action, (/) - cycle Shift-Dir - straight line, f/p - gnoll
Aim: a gnoll, wielding a +0 flail (almost dead, ally target, 61% to hit)
You shoot a stone.
The stone hits the gnoll but does no damage.
The gnoll is almost dead.
The gnoll hits you with a +0 flail!
* * * LOW HITPOINT WARNING * * *
Your rat bites the gnoll.
The gnoll hits you with a +0 whip.
* * * LOW HITPOINT WARNING * * *
Unknown command.
You swap places.
The gnoll hits you with a +0 flail.
* * * LOW HITPOINT WARNING * * *
Your rat closely misses the gnoll.
The gnoll hits your crimson imp with a +0 whip.
Your crimson imp barely misses the gnoll.
Your rat barely misses the gnoll.
The gnoll hits your crimson imp with a +0 whip!
Your crimson imp completely misses the gnoll.
The gnoll hits you with a +0 flail!
You die...

##..#.#.#... ...(#
#.......... #####...#
#....###.#. (.......#
#.......... ......g.#
#...####.##
.......g##+#+###...#.)..#
.......(................#
......g(r.........#####.#
.......5g@............#.#
........>.......#####)#.#
................'...#.#.#
................###.#.#.#
+##########'##### #.#.#.#
#.# #.#.# #.# #.#.# #.#
#.#.# #.# #.#.#


You could see 4 gnolls, a friendly crimson imp (summoned) and a friendly rat
(summoned).

Vanquished Creatures
  An adder (D:2)
  A dart slug (D:1)
  4 ball pythons (D:1)
  A giant cockroach (D:1)
  A hobgoblin (D:1)
  A quokka (D:2)
  2 bats (D:1)
  2 frilled lizards (D:1)
  5 goblins (D:1)
  2 kobolds (D:1)
  2 rats (D:1)
22 creatures vanquished.

Vanquished Creatures (collateral kills)
  A dart slug (D:1)
  2 endoplasms (D:1)
  2 ball pythons (D:1)
  A rat (D:1)
6 creatures vanquished.

Grand Total: 28 creatures vanquished

Notes
Turn   | Place    | Note
-------+----------+-------------------------------------------
     0 | D:1      | pkoi the Demigod Summoner began the quest for the Orb.
     0 | D:1      | Reached XP level 1. HP: 14/14 MP: 5/5
   776 | D:1      | Reached skill level 4 in Summonings
   776 | D:1      | Reached XP level 2. HP: 20/20 MP: 7/7
  1206 | D:1      | Reached skill level 1 in Unarmed Combat
  1209 | D:1      | Learned a level 2 spell: Call Imp
  1906 | D:2      | Reached XP level 3. HP: 26/26 MP: 4/8
  1914 | D:2      | Mangled by a gnoll

Illustrated notes

Levels and vault maps discovered:
D:1:      elethiomel_arrival_quiet, layout_basic
D:2:      layout_basic, shapermc_ecumenical_altar_ellora, basic_altar

Skill      XL: |  1  2 |
---------------+-------+-----
Summonings     | 4 |  4.3
Unarmed Combat | 1 |  1.2
Dodging        | |  1.7
Stealth        | |  1.7
Spellcasting   | |  1.9

Action                   || total
-------------------------++-------
Melee: Unarmed           ||    19
 Fire: Hunting sling     ||    70
Throw: Stone             ||     1
 Cast: Summon Small Mamm ||    15
       Call Imp          ||     2
 Stab: Distracted        ||     2
Armor: Robe              ||     4
Dodge: Dodged            ||    22
Block: Other             ||     8
